 Dungeon Crawl Stone Soup version 0.18-a0-82-gaf82852 (webtiles) character file.

12887 Proton the Fighter (level 12, 0/100 HPs)
             Began as a Naga Fighter on Nov 13, 2015.
             Was the Champion of Cheibriados.
             Slain by a cyan ugly thing (16 damage)
             ... on level 11 of the Dungeon.
             The game lasted 00:22:22 (8343 turns).

Proton the Fighter (Naga Fighter)                   Turns: 8343, Time: 00:22:22

Health: 0/100      AC: 19    Str: 44    XL:     12   Next: 0%
Magic:  13/18      EV: 12    Int: 24    God:    Cheibriados [******]
Gold:   679        SH: 17    Dex: 28    Spells: 0 memorised, 11 levels left

rFire  . . .     SeeInvis +     D - +4 war axe "Fijat" {freeze, Str+4}
rCold  . . .     Clarity  .     K - +0 plate armour
rNeg   . . .     SustAt   .     c - +0 shield
rPois  +         Gourm    .     A - +0 helmet
rElec  .         Spirit   .     B - +0 cloak
rCorr  .         Warding  .     k - +1 pair of gloves
rMut   .         Stasis   +     (no barding)
MR     +....                    h - amulet of stasis
Stlth  ..........               y - +3 ring of slaying
                                j - +2 ring of strength

@: very slow, somewhat resistant to hostile enchantments, extremely unstealthy
A: large bone plates 1, see invisible, agile 1, deformed body, frail 1, mutation
resistance 1, poison resistance, slowness 2, slow metabolism 1, spit poison 2,
wild magic 1, AC +4
a: Spit Poison, Bend Time, Temporal Distortion, Slouch, Step From Time, Renounce
Religion


You were on level 11 of the Dungeon.
You worshipped Cheibriados.
Cheibriados was exalted by your worship.
You were hungry.

You visited 1 branch of the dungeon, and saw 11 of its levels.

You collected 679 gold pieces.

Inventory:

Hand Weapons
 w - a +1 morningstar
 D - the +4 war axe "Fijat" (weapon) {freeze, Str+4}
   (You found it on level 8 of the Dungeon)

   It has been specially enchanted to freeze those struck by it, causing extra
   injury to most foes and up to half again as much damage against particularly
   susceptible opponents.
   It can also slow down cold-blooded creatures.
   It affects your strength (+4).
Missiles
 n - 8 javelins (quivered)
Armour
 c - a +0 shield (worn)
 k - a +1 pair of gloves (worn)
 A - a +0 helmet (worn)
 B - a +0 cloak (worn)
 K - a +0 plate armour (worn)
Jewellery
 h - an amulet of stasis (around neck)
 j - a +2 ring of strength (left hand)
 q - an uncursed ring of protection from fire
 y - a +3 ring of slaying (right hand)
 O - an uncursed ring of fire {unknown}
Scrolls
 a - 4 scrolls of enchant armour
 b - 4 scrolls of fog
 g - a scroll of noise
 s - a scroll of blinking
 t - 4 scrolls of fear
 u - a scroll of amnesia {unknown}
 v - a scroll of remove curse
 C - a scroll of recharging
 F - a scroll of immolation {unknown}
 I - 2 scrolls of brand weapon {unknown}
Potions
 d - 6 potions of might
 i - 7 potions of poison {unknown}
 l - 2 potions of invisibility
 m - a potion of lignification {unknown}
 o - 4 potions of heal wounds
 r - a potion of degeneration {unknown}
 x - 2 potions of flight
 z - 3 potions of ambrosia
 H - a potion of agility
 J - a potion of cure mutation
Comestibles
 e - 5 bread rations
 f - 32 fruits
 p - 4 meat rations
 E - 4 beef jerkies


   Skills:
 + Level 8.5 Fighting
 + Level 7.9 Maces & Flails
 + Level 7.1 Armour
 + Level 6.6 Dodging
 + Level 6.8 Shields
 + Level 8.2 Invocations


You had 11 spell levels left.
You didn't know any spells.

Dungeon Overview and Level Annotations

Branches:
Dungeon (11/15)            Temple (0/1) D:7            Lair (0/8) D:8
    Orc (0/4) D:9

Altars:
Cheibriados
Dithmenos
Fedhas
Nemelex Xobeh
Qazlal
Xom
Yredelemnul
The Shining One


Innate Abilities, Weirdness & Mutations

You cannot wear boots.
Your serpentine skin is tough (AC +4).
You have supernaturally acute eyesight.
Armour fits poorly on your strangely shaped body.
Your system is resistant to poisons.
You cover ground very slowly.
You have a slow metabolism.
You can spit poison.
You are partially covered in large bone plates (AC +2, SH +2).
You are agile. (Dex +2)
You are frail (-10% HP).
You are somewhat resistant to further mutation.
Your spells are a little harder to cast, but a little more powerful.


Message History

The cyan ugly thing is lightly wounded.
You block the cyan ugly thing's attack. The cyan ugly thing punches you.
The cyan ugly thing shocks you!
* * * LOW HITPOINT WARNING * * *
The cyan ugly thing barely misses you.
You can feel time thicken for a moment.
You kill the cyan ugly thing!
Cheibriados thoroughly appreciates the change of pace.
You have reached level 12!
Your experience leads to an increase in your attributes!
Your base attributes are Str 22, Int 8, Dex 11.
Increase (S)trength, (I)ntelligence, or (D)exterity?
You feel stronger.
You feel clever.
Your skin feels tougher.
You feel somewhat more hungry. You block the cyan ugly thing's attack.
You slash the cyan ugly thing! You freeze the cyan ugly thing.
The cyan ugly thing is severely wounded.
The cyan ugly thing punches you.
* * * LOW HITPOINT WARNING * * *
The cyan ugly thing shocks you!
You die...

..=............ #.
.....##.....###
###.####...#.##.....#
#..........#..#.###.#
#..........##.#.###.###
#^.........##)#)#......
#..........##.†)#......
#....u...#####..#......
#@# #(......##.### #.#
#.......##.# #.#
#.......##.#
####.###.......##.#
#......#.......##)#
#......#........).#
#.................# #
############......# #
#.......# #......# #


You could see a cyan ugly thing.

Vanquished Creatures
  A hydra (D:10)
  The ghost of Vergil the Destroyer, a novice DEAE of Vehumet (D:9)
  The ghost of haldagan the Cutter, a novice CeAs of Cheibriados (D:8)
  A hill giant (D:11)
  An ugly thing (D:11)
  Psyche (D:9)
  A gargoyle (D:11)
  A troll (D:10)
  A two-headed ogre (D:11)
  17 yaks
  A deep elf mage (D:10)
  2 wyverns
  A hungry ghost (D:11)
  A steam dragon (D:11)
  4 hippogriffs
  The ghost of haldagan the Cutter, an amateur KoFi (D:3)
  2 black bears
  4 sky beasts
  A porcupine (D:8)
  6 orc warriors
  4 ogres
  2 ice beasts
  2 phantoms
  3 centaurs
  6 giant frogs
  2 big kobolds
  2 wyvern zombies
  4 scorpions
  A gnoll sergeant (D:10)
  13 killer bees
  3 wights (D:11)
  2 crimson imps
  2 centaur zombies
  2 hounds
  2 jellies
  A giant frog zombie (D:6)
  8 iguanas
  A quasit (D:11)
  9 orc priests
  A centaur skeleton (D:5)
  2 giant frog skeletons
  Terence (D:3)
  8 worker ants
  9 orc wizards
  A hound zombie (D:8)
  A worker ant zombie (D:10)
  6 gnolls (D:10)
  16 adders
  2 shadow imps (D:9)
  An adder zombie (D:7)
  An adder skeleton (D:5)
  5 worms
  4 giant geckos
  77 orcs
  8 giant cockroaches
  14 hobgoblins
  5 quokkas
  A ball python (D:5)
  6 bats
  A giant gecko skeleton (D:4)
  3 giant newts
  7 goblins
  9 jackals
  9 kobolds
  2 quokka skeletons
  A quokka zombie (D:7)
  8 rats
327 creatures vanquished.

Notes
Turn   | Place    | Note
--------------------------------------------------------------
     0 | D:1      | Proton the Naga Fighter began the quest for the Orb.
     0 | D:1      | Reached XP level 1. HP: 21/21 MP: 1/1
   230 | D:1      | Reached XP level 2. HP: 28/28 MP: 2/2
   438 | D:2      | Reached XP level 3. HP: 31/34 MP: 3/3
   449 | D:2      | Reached skill level 1 in Dodging
   584 | D:2      | Found a blossoming altar of Fedhas.
   962 | D:3      | Found a snail-covered altar of Cheibriados.
   962 | D:3      | Found a shimmering altar of Xom.
   962 | D:3      | Found a sparkling altar of Nemelex Xobeh.
   964 | D:3      | Became a worshipper of Cheibriados the Contemplative
  1062 | D:3      | Reached XP level 4. HP: 37/43 MP: 4/4
  1185 | D:3      | Reached * piety under Cheibriados
  1275 | D:3      | Noticed haldagan's ghost (amateur KoFi)
  1328 | D:4      | Reached skill level 1 in Invocations
  1328 | D:4      | Reached XP level 5. HP: 34/50 MP: 5/5
  1378 | D:4      | Reached skill level 4 in Fighting
  1386 | D:4      | Found a glowing golden altar of the Shining One.
  1607 | D:4      | Reached XP level 6. HP: 57/57 MP: 7/7
  1833 | D:4      | Reached XP level 7. HP: 21/64 MP: 8/8
  1838 | D:4      | Gained mutation: Your spells are a little harder to cast, but a little more powerful. [mutagenic meat]
  1880 | D:4      | Reached ** piety under Cheibriados
  2146 | D:3      | Noticed Terence
  2157 | D:3      | Killed Terence
  2329 | D:3      | Killed haldagan's ghost
  2787 | D:5      | Entered Level 5 of the Dungeon
  2869 | D:5      | Reached *** piety under Cheibriados
  2869 | D:5      | Reached XP level 8. HP: 56/73 MP: 10/10
  3921 | D:6      | Reached **** piety under Cheibriados
  3921 | D:6      | Reached skill level 5 in Fighting
  4579 | D:7      | Found a stormy altar of Qazlal.
  4648 | D:7      | Reached XP level 9. HP: 81/81 MP: 12/12
  4694 | D:7      | Reached skill level 5 in Invocations
  4747 | D:7      | Reached ***** piety under Cheibriados
  4892 | D:7      | Reached skill level 5 in Maces & Flails
  5069 | D:7      | Found a staircase to the Ecumenical Temple.
  5157 | D:8      | Noticed haldagan's ghost (novice CeAs)
  5199 | D:8      | Killed haldagan's ghost
  5199 | D:8      | Reached skill level 6 in Fighting
  5199 | D:8      | Reached skill level 5 in Armour
  5212 | D:8      | Found a shimmering altar of Xom.
  5260 | D:8      | Reached skill level 5 in Shields
  5383 | D:8      | Got a steaming war axe
  5384 | D:8      | Identified the +4 war axe "Fijat" {freeze, Str+4} (You found it on level 8 of the Dungeon)
  5519 | D:8      | Found a staircase to the Lair.
  5634 | D:9      | Reached XP level 10. HP: 85/92 MP: 14/14
  5662 | D:9      | Found a staircase to the Orcish Mines.
  5779 | D:9      | Reached ****** piety under Cheibriados
  5810 | D:9      | Reached skill level 5 in Dodging
  5814 | D:9      | Found a basalt altar of Yredelemnul.
  6138 | D:9      | Reached skill level 7 in Fighting
  6213 | D:9      | Gained mutation: Your mind is acute. (Int +2) [mutagenic meat]
  6214 | D:9      | Gained mutation: You are partially covered in large bone plates (AC +2, SH +2). [mutagenic meat]
  6215 | D:9      | Lost mutation: Your mind is acute. (Int +2) [mutagenic meat]
  6216 | D:9      | Gained mutation: You are somewhat resistant to further mutation. [mutagenic meat]
  6217 | D:9      | Gained mutation: You are frail (-10% HP). [mutagenic meat]
  6282 | D:9      | Noticed Vergil's ghost (novice DEAE)
  6294 | D:9      | Killed Vergil's ghost
  6518 | D:9      | Noticed Psyche
  6521 | D:9      | Killed Psyche
  6521 | D:9      | Reached XP level 11. HP: 65/90 MP: 16/16
  6815 | D:10     | Entered Level 10 of the Dungeon
  6973 | D:10     | Found a shadowy altar of Dithmenos.
  7441 | D:10     | Noticed a six-headed hydra
  7451 | D:10     | Killed a six-headed hydra
  7700 | D:11     | Reached skill level 8 in Fighting
  7820 | D:11     | Noticed a hill giant
  7827 | D:11     | Killed a hill giant
  7900 | D:11     | Gained mutation: You are agile. (Dex +2) [potion of mutation]
  8342 | D:11     | Reached XP level 12. HP: 22/100 MP: 18/18
  8343 | D:11     | Slain by a cyan ugly thing

Vault maps used:
D:1:      onia_arrival_pyramid
D:2:      overflow_temple_1_default
D:3:      gammafunk_temple_overflow_claw, uniq_terence
D:4:      overflow_temple_1_default
D:5:      first_bread, portal_sewer_entry_e, st_stairs_7, minmay_crystal_water
D:6:      wad_rectangle_vault
D:7:      lemuel_round_altar, minmay_temple_entry_statues
D:8:      lair_0_dummy, basic_altar
D:9:      nicolae_overflow_crystal_walls, hiddenorc2_lemuel, uniq_psyche
D:10:     blue_anna_alchemist, nicolae_dithmenos_the_darkroom

Action                   |  1- 3 |  4- 6 |  7- 9 | 10-12 || total
-------------------------+-------+-------+-------+-------++-------
Melee: Flail             |   124 |    27 |       |       ||   151
       Morningstar       |       |    83 |   357 |     7 ||   447
       War axe           |       |       |    15 |   319 ||   334
Throw: Javelin           |       |       |       |     1 ||     1
Invok: Slouch            |       |       |       |     2 ||     2
 Abil: Spit Poison       |     2 |     3 |     2 |     2 ||     9
  Use: Scroll            |       |     3 |    12 |     3 ||    18
       Potion            |       |       |       |     1 ||     1
  Eat: Meat ration       |       |     1 |       |       ||     1
       Chunk             |       |       |     2 |     6 ||     8
       Pizza             |       |       |     1 |     3 ||     4
       Beef jerky        |       |       |     1 |     1 ||     2
       Bread ration      |       |       |     1 |       ||     1
       Fruit             |       |       |       |     1 ||     1
